 Dungeon Crawl Stone Soup version 0.30.0-30-g96aa6591b8 (webtiles) character file.

Game seed: 4690663166921886646

3653 Heoruswealwe the Thaumaturge (level 9, 0/45 HPs)
             Began as a Deep Elf Earth Elementalist on June 30, 2023.
             Was a Believer of Vehumet.
             Killed by an exploding death yak (22 damage)
             ... ignited by their inner flame
             ... on level 8 of the Dungeon.
             The game lasted 01:04:58 (5538 turns).

Heoruswealwe the Thaumaturge (DEEE)                 Turns: 5538, Time: 01:04:59

Health: 0/45       AC:  5    Str:  5    XL:     9   Next: 88%
Magic:  21/28      EV: 12    Int: 25    God:    Vehumet [**....]
Gold:   88         SH:  0    Dex: 15    Spells: 24/34 levels left

rFire   . . .        a - staff of earth
rCold   . . .        (no shield)
rNeg    . . .        c - +0 steam dragon scales
rPois   .            (no helmet)
rElec   .            (no cloak)
rCorr   .            (no gloves)
SInv    +            (no boots)
Will    .....        (no amulet)
Stlth   ++           k - ring of see invisible
HPRegen 0.27/turn    j - ring of wizardry
MPRegen 0.21/turn

%: wizardry (x1)
@: about to teleport
A: no striking features
a: Renounce Religion


You were on level 8 of the Dungeon.
You worshipped Vehumet.
Vehumet was pleased with you.
You visited 2 branches of the dungeon, and saw 9 of its levels.

You collected 382 gold pieces.
You spent 294 gold pieces at shops.

Inventory:

Hand Weapons
 b - a +0 long sword
Armour
 c - +0 steam dragon scales (worn)
 n - the +3 leather armour of Banic {rF++ Dex+3}
   (You found it on level 2 of the Dungeon)

   Dex:       It affects your dexterity (+3).
   rF:        It greatly protects you from fire.
Magical Staves
 a - a staff of earth (weapon)
Jewellery
 e - a +5 ring of evasion
 j - a ring of wizardry (right hand)
 k - a ring of see invisible (left hand)
Wands
 l - a wand of polymorph (13)
 v - a wand of iceblast (12)
 y - a wand of flame (33)
Scrolls
 f - 2 scrolls of teleportation
 g - a scroll of blinking
 i - 2 scrolls of poison
 r - a scroll of enchant armour
 s - a scroll of fog
 u - 2 scrolls of amnesia
 x - a scroll of fear
 B - a scroll of summoning
Potions
 d - 2 potions of brilliance
 p - 2 potions of flight
 q - a potion of invisibility
 t - a potion of ambrosia
 w - 2 potions of magic
 D - a potion of lignification {unknown}


   Skills:
 - Level 2.4 Dodging
 - Level 2.4 Stealth
 + Level 13.3 Spellcasting
 - Level 1.1 Transmutations
 + Level 11.4 Earth Magic


You had 24 spell levels left.
You knew the following spells:

 Your Spells              Type           Power      Damage    Failure   Level
a - Sandblast             Erth           100%       2d20      1%          1
b - Stone Arrow           Conj/Erth      100%       3d13      1%          3
c - Petrify               Tmut/Erth      64%        N/A       1%          4
z - Passwall              Tmut/Erth      53%        N/A       1%          2

Your spell library contained the following spells:

 Spells                   Type           Power      Damage    Failure   Level
 Static Discharge         Conj/Air       32%        2-4/arc   2%          2
 Ozocubu's Armour         Ice            16%        N/A       4%          3
 Metabolic Englaciation   Hex/Ice        8%         N/A       36%         5
 Simulacrum               Ice/Necr       8%         N/A       89%         6


Dungeon Overview and Level Annotations

Branches:
Dungeon (8/15)             Temple (1/1) D:5
   Lair: D:8-11

Altars:
Ashenzari
Cheibriados
Dithmenos
Elyvilon
Fedhas
Hepliaklqana
Kikubaaqudgha
Makhleb
Nemelex Xobeh
Okawaru
Qazlal
Ru
Sif Muna
Trog
Vehumet
Wu Jian
Xom
Yredelemnul
Zin
The Shining One

Shops:
D:8 *


Message History

The death yak gores you.
The yak is engulfed in poison gas.
The yak looks even sicker.
The yak is engulfed in poison gas.
The yak looks even sicker.
Flame seeps out of the yak.
As you read the scroll of teleportation, it crumbles to dust.
You feel strangely unstable.
Flame seeps out of the yak.
The death yak is engulfed in poison gas.
The death yak looks as sick as possible!
Flame seeps out of the death yak.
The death yak gores you!
* * * LOW HITPOINT WARNING * * *
The yak is engulfed in poison gas.
The yak looks even sicker.
The yak is engulfed in poison gas.
The yak looks even sicker.
Flame seeps out of the yak.
You feel much better.
Flame seeps out of the death yak.
The death yak is engulfed in poison gas.
The death yak looks as sick as possible!
Flame seeps out of the death yak.
The death yak gores you.
The yak is engulfed in poison gas.
The yak looks as sick as possible!
The yak gores you.
You feel better.
You hear the creaking of a very distant portcullis.
Flame seeps out of the death yak.
Flame seeps out of the yak.
The death yak is engulfed in poison gas.
The death yak looks as sick as possible!
Flame seeps out of the death yak.
The death yak barely misses you.
The yak is engulfed in blazing flames.
Flame seeps out of the yak.
The yak is engulfed in poison gas.
The yak looks as sick as possible!
The yak gores you.
Casting: Sandblast (safe; 1% risk of failure)
Confirm with . or Enter, or press ? or * to list all spells.
Aiming: Stone Arrow (safe; 1% risk of failure)
Press: ? - help, Shift-Dir - straight line, f/p - death yak
Aim: a death yak (poison gas, almost dead, inner flame, extremely poisoned, 92% to hit)
You feel a surge of power!
The stone arrow hits the death yak!!
Vehumet accepts your kill.
The death yak explodes!
The fiery explosion engulfs the yak!!
You kill the yak!
Vehumet accepts your kill. The fiery explosion engulfs you!!
You die...

#...###########.####....
##..###Y..Y(.......##..#.
#☼..Y#.######.####.##....
####§○##.##§§ ...# #.###.#.
#....§§.###§#########.###...
######○○§§☼☼# #..[..<###
.#§§Y§#§# #.#.##.#
.#○§○§§§#### #.#.##.#
.#§○§☼§@§○○# #...##.#
#.########○§# #..###.# #....
§# #..###.## ### # #.......#
#.# #.......# #.# #######.#
##.## ####...#.# ##...##
#..#.#.#.# #.....##
########.##.#.#.#


You could see a yak (inner flame, very poisoned).

Vanquished Creatures
  A death yak (D:8)
  Pikel (D:7)
  Maggie (D:7)
  2 yaks
  2 steam dragons
  Edmund (D:6)
  2 sky beasts (D:7)
  2 black bears
  4 ice beasts
  4 centaurs
  A phantom (D:6)
  2 kobold brigands
  3 bullfrogs
  3 howler monkeys
  3 hounds
  3 jellies (D:6)
  5 orc priests
  5 iguanas
  A sleepcap (D:6)
  4 orc wizards
  4 adders
  3 gnolls (D:7)
  A shadow imp (D:6)
  A white imp (D:6)
  2 ufetubi
  2 worms (D:4)
  2 dart slugs
  24 orcs
  2 bats
  8 endoplasms
  3 giant cockroaches
  6 goblins
  6 hobgoblins
  2 jackals (D:2)
  11 kobolds
  2 quokkas
  5 ball pythons
  A frilled lizard (D:3)
  7 rats
142 creatures vanquished.

Vanquished Creatures (others)
  2 adders (D:6)
2 creatures vanquished.

Grand Total: 144 creatures vanquished

Notes
Turn   | Place    | Note
-------+----------+-------------------------------------------
     0 | D:1      | Heoruswealwe the Deep Elf Earth Elementalist began the
                  | quest for the Orb.
     0 | D:1      | Reached XP level 1. HP: 10/10 MP: 6/6
   219 | D:1      | Found a faded altar of an unknown god.
   228 | D:1      | Reached XP level 2. HP: 15/15 MP: 1/8
   231 | D:1      | Learned a level 2 spell: Passwall
   551 | D:2      | Reached skill level 4 in Spellcasting
   728 | D:2      | Reached XP level 3. HP: 19/19 MP: 8/10
   732 | D:2      | Learned a level 3 spell: Stone Arrow
   899 | D:1      | You fall into a shaft and drop 1 floor!
  1093 | D:2      | Identified the +3 leather armour of Banic {rF++ Dex+3}
  1514 | D:3      | Reached XP level 4. HP: 18/24 MP: 5/12
  1519 | D:3      | Learned a level 4 spell: Petrify
  1582 | D:3      | Reached skill level 5 in Spellcasting
  1758 | D:3      | Found Toesoro's Magic Scroll Shop.
  1833 | D:3      | Bought a scroll of identify for 24 gold pieces
  1833 | D:3      | Bought a scroll of identify for 24 gold pieces
  1833 | D:3      | Bought a scroll of identify for 24 gold pieces
  2035 | D:4      | Reached skill level 5 in Earth Magic
  2057 | D:4      | Found a bloodstained altar of Trog.
  2063 | D:4      | Reached XP level 5. HP: 28/28 MP: 10/14
  2112 | D:4      | Found a sacrificial altar of Ru.
  2134 | D:4      | Noticed a black bear
  2138 | D:4      | Killed a black bear
  2139 | D:4      | Reached skill level 6 in Spellcasting
  2342 | D:4      | Reached XP level 6. HP: 32/32 MP: 12/17
  2674 | D:3      | Bought a scroll of blinking for 90 gold pieces
  2702 | D:5      | Entered Level 5 of the Dungeon
  2892 | D:5      | Found a glowing golden altar of the Shining One.
  2897 | D:5      | Reached skill level 7 in Spellcasting
  3041 | D:5      | Reached XP level 7. HP: 36/36 MP: 18/20
  3053 | D:5      | Found a staircase to the Ecumenical Temple.
  3084 | D:5      | Found a shadowy altar of Dithmenos.
  3144 | Temple   | Entered the Ecumenical Temple
  3237 | Temple   | Became a worshipper of Vehumet
  3500 | D:5      | Reached skill level 8 in Spellcasting
  3724 | D:6      | Reached skill level 9 in Spellcasting
  3833 | D:6      | Reached XP level 8. HP: 41/41 MP: 21/23
  3990 | D:6      | Noticed Edmund
  4001 | D:6      | Killed Edmund
  4079 | D:6      | Reached skill level 10 in Spellcasting
  4107 | D:6      | Reached * piety under Vehumet
  4107 | D:6      | Offered knowledge of Shock by Vehumet.
  4504 | D:6      | Reached skill level 11 in Spellcasting
  4580 | D:6      | Reached XP level 9. HP: 19/45 MP: 22/26
  4735 | D:3      | Bought a scroll of poison for 48 gold pieces
  4735 | D:3      | Bought a scroll of amnesia for 48 gold pieces
  4735 | D:3      | Bought a scroll of teleportation for 36 gold pieces
  4907 | D:7      | Reached skill level 10 in Earth Magic
  4919 | D:7      | Noticed Pikel
  4951 | D:7      | Killed Pikel
  4952 | D:7      | Reached skill level 12 in Spellcasting
  5146 | D:7      | Noticed Maggie
  5164 | D:7      | Killed Maggie
  5281 | D:7      | Reached skill level 13 in Spellcasting
  5458 | D:8      | Offered knowledge of Static Discharge by Vehumet.
  5459 | D:8      | Reached ** piety under Vehumet
  5472 | D:8      | Found Kyill's Neck Hole.
  5506 | D:8      | Noticed a death yak
  5538 | D:8      | Killed a death yak
  5538 | D:8      | Killed by an exploding death yak... ignited by their inner
                  | flame

Illustrated notes

Levels and vault maps discovered:
D:1:      spicycebolla_arrival_transporter_tutorial, layout_loops_cross,
          ebering_ecumenical_altar_mist
D:2:      layout_basic, dk_noncrumbling_3
D:3:      layout_rooms, serial_shops, shop, st_stairs_5
D:4:      layout_basic, mainiacjoe_overflow_concentric_impassable,
          old_standard_altar
D:5:      kennysheep_big_flooded_room, layout_gridville,
          nicolae_dithmenos_shadow_blocks, old_standard_altar,
          minmay_temple_entry_statues_pillars
D:6:      layout_loops_ring, minmay_joined_circles, uniq_edmund
D:7:      layout_rooms, serial_corexii_hall, corexii_hall_statues_u,
          chequers_hall_statues_wall_a, chequers_hall_statues_y,
          corexii_hall_statues_i, uniq_pikel, uniq_maggie
D:8:      layout_loops_cross, dpeg_lair_monsters, enter_bailey_3,
          serial_co_window_serial, co_window_paths_a, co_window_paths_b,
          co_window_paths_a, co_window_paths_a, co_window_paths_b,
          co_window_corner_a, co_window_corner_a, co_window_of_opportunity_a,
          co_window_cross_1, co_window_corner_b, co_window_of_opportunity_c,
          co_window_2corner, co_window_paths_e, glass_columns_b,
          glass_columns_a, glass_columns_b, glass_columns_a,
          nicolae_shop_sticking_my_neck_out, uniq_erica, uniq_psyche
Temple:   lightli_temple_of_artemis

Skill      XL: |  1  2  3  4  5  6  7  8  9 |
---------------+----------------------------+-----
Spellcasting   | 4 5 6 7 9 11 13 | 13.3
Earth Magic    | 4 5 6 7 9 11 | 11.4
Dodging        | |  2.4
Stealth        | |  2.4
Transmutations | |  1.1

Action                     |  1- 3 |  4- 6 |  7- 9 || total
---------------------------+-------+-------+-------++-------
   Cast: Sandblast         |    48 |    57 |   123 ||   228
         Passwall          |     1 |       |     3 ||     4
         Stone Arrow       |       |       |    10 ||    10
         Petrify           |       |       |     4 ||     4
    Use: Potion            |       |       |     5 ||     5
         Scroll            |       |       |    18 ||    18
 Armour: Robe              |     1 |     1 |     1 ||     3
         Steam dragon scal |       |       |     2 ||     2
  Dodge: Dodged            |     8 |    15 |    38 ||    61
